 Dungeon Crawl Stone Soup version 0.20.1-1-g8b1a95d (webtiles) character file.

20913 Lanoc the Carver (level 12, -3/109 (110) HPs)
             Began as a Minotaur Berserker on Dec 15, 2017.
             Was the Champion of Trog.
             Killed by divine providence
             ... invoked by an orc priest
              (15 damage)
             ... on level 13 of the Dungeon.
             The game lasted 00:34:38 (8907 turns).

Lanoc the Carver (Minotaur Berserker)               Turns: 8907, Time: 00:34:39

HP:   -3/109 (110)  AC:  9    Str: 23    XL:     12   Next: 49%
MP:   11/11         EV: 17    Int:  4    God:    Trog [******]
Gold: 697           SH:  0    Dex: 14    Spells: 11/11 levels left

rFire    . . .     SeeInvis +   R - +6 long sword (flame)
rCold    + + .     Gourm    .   (no shield)
rNeg     + . .     Faith    .   w - +1 ring mail of the True Pharaoh {rC++}
rPois    .         Spirit   .   (helmet restricted)
rElec    .         Reflect  .   (no cloak)
rCorr    .         Harm     .   (no gloves)
MR       .....                  E - +0 pair of boots
Stlth    +.........             q - amulet of regeneration
Regen    0.7/turn               Q - ring of positive energy
MPRegen  0.2/turn               l - ring of see invisible

@: lethally poisoned (-3 -> -47), slowed, very slow
A: retaliatory headbutt, horns 2
a: Berserk, Trog's Hand, Brothers in Arms, Burn Spellbooks, Renounce Religion


You were on level 13 of the Dungeon.
You worshipped Trog.
Trog was exalted by your worship.
You were not hungry.

You visited 2 branches of the dungeon, and saw 14 of its levels.

You collected 817 gold pieces.
You spent 120 gold pieces at shops.

Inventory:

Hand Weapons
 g - a +1 great sword of holy wrath
 J - the +7 longbow "Piercer" {penet, EV-2}
   (You found it on level 8 of the Dungeon)

   Ammo fired by it will pass through the targets it hits, potentially hitting
   all targets in its path until it reaches maximum range.
   It affects your evasion (-2).
 R - a +6 long sword of flaming (weapon)
Missiles
 s - 244 arrows
Armour
 w - the +1 ring mail of the True Pharaoh (worn) {rC++}
   (You found it on level 4 of the Dungeon)

   It greatly protects you from cold.
 E - a +0 pair of boots (worn)
 G - +0 acid dragon scales
Jewellery
 e - an uncursed ring of magical power
 l - a ring of see invisible (right hand)
 q - an amulet of regeneration (around neck)
 O - an uncursed ring of flight
 Q - a ring of positive energy (left hand)
 U - an uncursed ring of protection from fire
Wands
 h - a wand of paralysis (24/24)
 n - a wand of flame (27/48)
 z - a wand of confusion (21/48)
 H - a wand of lightning (10/15)
 L - a wand of confusion (4/48)
 S - a wand of acid (6/15)
 T - a wand of polymorph (16/24)
Scrolls
 a - 3 scrolls of enchant armour
 b - 3 scrolls of fog
 d - 3 scrolls of teleportation
 j - 3 scrolls of blinking
 p - 5 scrolls of identify
 t - 5 scrolls of remove curse
 P - a scroll of recharging
Potions
 f - 2 potions of might
 i - 7 potions of haste
 k - 2 potions of flight
 o - a potion of resistance
 r - 3 potions of magic
 v - 4 potions of lignification
 A - 2 potions of berserk rage
 C - 2 potions of heal wounds
 D - 3 potions of brilliance
 F - a potion of ambrosia
 I - 2 potions of cancellation
 K - 2 potions of agility
Miscellaneous
 M - a lightning rod (4/4)
Comestibles
 c - 15 bread rations
 m - 3 royal jellies
 u - 14 fruits
 x - 3 meat rations
 N - 4 chunks of flesh


   Skills:
 + Level 11.0 Fighting
 * Level 14.8 Long Blades
 + Level 7.3 Bows
 + Level 10.9 Armour
 + Level 10.1 Dodging


You had 11 spell levels left.
You didn't know any spells.

Dungeon Overview and Level Annotations

Branches:
Dungeon (13/15)            Temple (1/1) D:7            Lair (0/6) D:8
    Orc (0/2) D:12
 Vaults: D:13-14

Altars:
Ashenzari
Cheibriados
Dithmenos
Elyvilon
Fedhas
Gozag
Hepliaklqana
Kikubaaqudgha
Makhleb
Nemelex Xobeh
Okawaru
Qazlal
Ru
Sif Muna
Trog
Uskayaw
Vehumet
Xom
Yredelemnul
Zin
The Shining One

Shops:
D:6 ([!   D:10 ?   D:12 =


Innate Abilities, Weirdness & Mutations

You reflexively headbutt those who attack you in melee.
You have a pair of horns on your head.


Message History

The death drake breathes miasma at you. The foul vapour misses you.
The death drake closely misses you.
You feel better.
You are engulfed in dark miasma.
You are poisoned.
You feel as though you will be slow longer.
* * * LOW HITPOINT WARNING * * *
You feel very sick.
The death drake bites you but does no damage. x2
You feel much better.
You are engulfed in dark miasma.
You are more poisoned.
You feel your flesh rotting away!
You feel very sick.
The death drake bites you but does no damage.
The death drake breathes miasma at you. The foul vapour engulfs you!
You are lethally poisoned!
* * * LOW HITPOINT WARNING * * *
The orc priest is engulfed in dark miasma.
The orc priest is poisoned.
The orc priest seems to slow down.
The orc priest invokes the aid of Beogh against you.
Beogh smites you!
You die... .. #.# #.##.#.# #. ##.### #.##.#.# # #.# #....># #....#.# #.#.. ......# #..###.# .#.# ......# #......# ... §.... ##.##### #.# Wo§

#.# #.#####k# #.####
#..§§§@§# #....#
#.####### ####.#
####.############# #)#
#................# #.#
#.##.##.##.#####.# #.#
#.##.##.......##.######.#
#.##....##.##...........#
#.##.##(##.#####.########
#.##.......#####.#


You could see a death drake shaped shifter, a wraith and an orc priest.

Vanquished Creatures
  2 two-headed ogres (D:8)
  A death knight (D:11)
  A tengu warrior (D:11)
  2 unseen horrors
  2 phantasmal warriors (D:11)
  An ugly thing (D:10)
  An oklob plant (D:11)
  A cyclops (D:13)
  A manticore (D:12)
  2 gargoyles (D:11)
  A komodo dragon (D:10)
  4 trolls
  A polar bear (D:11)
  3 slime creatures (D:12)
  5 hippogriffs
  A wraith (D:11)
  2 wyverns
  9 yaks
  2 shadows (D:12)
  3 hungry ghosts
  An acid dragon (D:11)
  Duvessa (D:5)
  A water moccasin (D:12)
  7 orc warriors
  3 ice beasts
  5 black bears
  2 sky beasts
  2 phantoms
  14 ogres
  3 centaurs
  3 big kobolds (D:12)
  9 bullfrogs
  A gnoll sergeant (D:12)
  3 scorpions
  Dowan (D:5)
  14 killer bees
  5 wights (D:11)
  8 howler monkeys
  3 crimson imps
  A quasit (D:12)
  2 jellies
  2 centaur zombies
  8 hounds
  9 orc wizards
  6 centaur skeletons
  6 orc priests
  2 bullfrog skeletons
  3 iguanas
  Ijyb (D:4)
  5 worker ants
  2 hound skeletons
  7 gnolls
  16 adders
  4 shadow imps
  2 oozes
  An adder skeleton (D:9)
  4 worms
  4 dart slugs
  2 leopard geckos
  46 orcs
  5 giant cockroaches
  10 goblins
  4 hobgoblins
  11 jackals
  9 quokkas
  A ball python (D:1)
  6 bats
  4 frilled lizards
  A jackal skeleton (D:4)
  10 kobolds
  4 rats
  A plant (D:11)
330 creatures vanquished.

Vanquished Creatures (collateral kills)
  3 manticores (D:11)
  2 polar bears (D:11)
  2 hippogriffs (D:11)
  A yak (D:11)
  2 hogs (D:11)
  3 black bears (D:11)
13 creatures vanquished.

Vanquished Creatures (others)
  A giant cockroach (D:7)
1 creature vanquished.

Grand Total: 344 creatures vanquished

Notes
Turn   | Place    | Note
-------+----------+-------------------------------------------
     0 | D:1      | Lanoc the Minotaur Berserker began the quest for the Orb.
     0 | D:1      | Reached XP level 1. HP: 19/19 MP: 0/0
    34 | D:1      | Reached skill level 4 in Long Blades
    49 | D:1      | Reached XP level 2. HP: 18/27 MP: 1/1
   267 | D:1      | Reached ** piety under Trog
   297 | D:1      | Reached XP level 3. HP: 25/33 MP: 2/2
  1282 | D:3      | Reached XP level 4. HP: 36/40 MP: 3/3
  1306 | D:3      | Reached skill level 5 in Long Blades
  1718 | D:4      | Noticed a hippogriff
  1723 | D:4      | Killed a hippogriff
  1723 | D:4      | Reached *** piety under Trog
  1723 | D:4      | Reached XP level 5. HP: 36/47 MP: 4/4
  1723 | D:4      | Reached XP level 6. HP: 43/55 MP: 5/5
  1724 | D:4      | Reached skill level 6 in Long Blades
  1849 | D:4      | Reached skill level 5 in Fighting
  1890 | D:4      | Got a garnet-encrusted ring mail
  1901 | D:4      | Identified the +1 ring mail of the True Pharaoh {rC++} (You found it on level 4 of the Dungeon)
  1949 | D:4      | Reached XP level 7. HP: 33/61 MP: 6/6
  1998 | D:4      | Noticed Ijyb
  1998 | D:4      | Paralysed by Ijyb for 3 turns
  2006 | D:4      | Killed Ijyb
  2006 | D:4      | Reached skill level 7 in Long Blades
  2466 | D:5      | Entered Level 5 of the Dungeon
  2522 | D:5      | Noticed Duvessa
  2522 | D:5      | Noticed Dowan
  2532 | D:5      | Reached skill level 5 in Armour
  2533 | D:5      | Killed Dowan
  2534 | D:5      | Killed Duvessa
  2581 | D:5      | Reached skill level 5 in Dodging
  2864 | D:6      | Found Jompefoa's Weapon Emporium.
  2890 | D:6      | Reached XP level 8. HP: 70/70 MP: 7/7
  2894 | D:6      | Found Unnounge's Antique Armour Emporium.
  3023 | D:6      | Reached **** piety under Trog
  3055 | D:6      | Reached skill level 8 in Long Blades
  3080 | D:6      | Found Yreab's Distillery.
  3087 | D:6      | Bought a potion of curing for 45 gold pieces
  3087 | D:6      | Bought a potion of heal wounds for 75 gold pieces
  3587 | D:7      | Reached skill level 9 in Long Blades
  4129 | D:7      | You fall through a shaft for 2 floors!
  4145 | D:8      | Noticed a two-headed ogre
  4145 | D:8      | Noticed a two-headed ogre
  4150 | D:8      | Killed a two-headed ogre
  4150 | D:8      | Reached skill level 10 in Long Blades
  4150 | D:8      | Reached XP level 9. HP: 79/79 MP: 8/8
  4151 | D:8      | Killed a two-headed ogre
  4326 | D:7      | Found a staircase to the Ecumenical Temple.
  4335 | Temple   | Entered the Ecumenical Temple
  4598 | D:8      | Reached skill level 11 in Long Blades
  4898 | D:8      | Reached ***** piety under Trog
  4901 | D:8      | Found a staircase to the Lair.
  5262 | D:8      | Reached skill level 1 in Bows
  5262 | D:8      | Reached XP level 10. HP: 89/89 MP: 9/9
  5631 | D:9      | Reached skill level 12 in Long Blades
  5903 | D:9      | Found an iron altar of Okawaru.
  5955 | D:10     | Entered Level 10 of the Dungeon
  5964 | D:10     | Found Riaf's Magic Scroll Shop.
  6386 | D:10     | Reached XP level 11. HP: 97/97 MP: 10/10
  6663 | D:11     | Noticed a phantasmal warrior
  6663 | D:11     | Noticed a phantasmal warrior
  6670 | D:11     | Killed a phantasmal warrior
  6672 | D:11     | Noticed a death knight
  6672 | D:11     | Killed a phantasmal warrior
  6672 | D:11     | Reached skill level 13 in Long Blades
  6673 | D:11     | Noticed a white ugly thing
  6698 | D:10     | Reached ****** piety under Trog
  6761 | D:10     | Killed a white ugly thing
  6898 | D:11     | Reached skill level 5 in Bows
  6916 | D:11     | Found a bloodstained altar of Trog.
  6917 | D:11     | Noticed an oklob plant
  6930 | D:11     | Found a huge runed gate.
  6930 | D:11     | Found a huge runed gate.
  6930 | D:11     | Found a huge runed gate.
  6931 | D:11     | Found a huge runed gate.
  6946 | D:11     | Received a gift from Trog
  6951 | D:11     | Killed a death knight
  7219 | D:11     | Noticed an unseen horror
  7226 | D:11     | Killed an unseen horror
  7226 | D:11     | Reached skill level 10 in Fighting
  7253 | D:11     | Killed an oklob plant
  7579 | D:11     | Noticed a tengu warrior
  7583 | D:11     | Killed a tengu warrior
  7583 | D:11     | Reached skill level 10 in Armour
  7785 | D:11     | Reached skill level 14 in Long Blades
  7793 | D:11     | Reached XP level 12. HP: 107/107 MP: 11/11
  8129 | D:12     | Received a gift from Trog
  8239 | D:12     | Found Elun's Jewellery Boutique.
  8389 | D:12     | Reached skill level 10 in Dodging
  8517 | D:12     | Found a staircase to the Orcish Mines.
  8907 | D:13     | Killed from afar by an orc priest

Skill      XL: |  1  2  3  4  5  6  7  8  9 10 11 12 |
---------------+-------------------------------------+-----
Long Blades    | 4 5 6 7 10 11 12 14 | 14.8
Fighting       | 4 5 7 8 9 10 11 | 11.0
Dodging        | 3 4 5 6 7 8 9 10 | 10.1
Armour         | 3 4 5 7 8 9 10 | 10.9
Bows           | 1 4 6 7 |  7.3

Action                   |  1- 3 |  4- 6 |  7- 9 | 10-12 || total
-------------------------+-------+-------+-------+-------++-------
Melee: Falchion          |    55 |       |       |       ||    55
       Headbutt          |    14 |    11 |    36 |   100 ||   161
       Great sword       |    17 |    59 |   138 |   156 ||   370
       Long sword        |       |       |       |   200 ||   200
 Fire: Longbow           |       |       |    12 |     8 ||    20
Invok: Berserk           |       |     1 |     4 |    11 ||    16
       Burn Spellbooks   |       |       |     1 |       ||     1
       Brothers in Arms  |       |       |       |     2 ||     2
       Trog's Hand       |       |       |       |     1 ||     1
  Use: Scroll            |       |       |    18 |     8 ||    26
       Potion            |       |       |       |     4 ||     4
  Eat: Chunk             |     1 |     3 |    17 |    16 ||    37
       Fruit             |       |       |     2 |     3 ||     5
       Meat ration       |       |       |       |     1 ||     1
Armor: Animal skin       |     8 |       |       |       ||     8
       Scale mail        |     9 |    19 |       |       ||    28
       Ring mail         |       |     3 |    42 |    88 ||   133
Dodge: Dodged            |    49 |    41 |   122 |   317 ||   529
       Rpst.: Falchion   |     8 |       |       |       ||     8
       Great sword       |     2 |    10 |    33 |    52 ||    97
       Long sword        |       |       |       |    33 ||    33
